Map: Disco Bloodbath LE

Players

Mez - Winner!

  • Race: Terran Terran
  • League: Master
  • Spawn Location: 9:00

Sheppard

  • Race: Terran Terran
  • League: Master
  • Spawn Location: 3:00

VOD

Have the link to the VOD?

Description

Time

  • Played on: Sept. 4, 2019, 9:16 a.m.
  • Length: 10:19
Show
View Real Time Build Order
Export as new Build Order

Mez Terran - Winner!

Build Orders: Gas First Reaper Expand 

Get SALT Encoding   

  12  0:00  SCV  
  13  0:12  SCV  
  14  0:17  Supply Depot  
  14  0:25  SCV  
  14  0:27  Refinery  
  15  0:38  SCV  
  16  0:45  Barracks  
  16  0:50  SCV  
  17  1:02  SCV  
  18  1:15  SCV  
  19  1:33  Orbital Command, Reaper  
  20  1:46  Command Center  
  20  1:58  Supply Depot  
  20  2:02  Refinery  
  19  2:11  SCV  
  19  2:19  Factory  
  19  2:23  Barracks Reactor  
  19  2:32  SCV  
  20  2:44  SCV  
  21  2:56  SCV  
  22  3:01  Orbital Command  
  22  3:05  Starport  
  22  3:09  SCV  
  23  3:14  Hellion, Barracks Tech Lab  
  25  3:21  SCV  
  25  3:22  Hellion  
  28  3:28  SCV  
  28  3:33  SCV  
  30  3:43  Hellion  
  30  3:44  Medivac, Hellion  
  36  3:49  SCV x2  
  36  3:53  Supply Depot  
  36  3:54  Barracks Reactor  
  38  4:01  SCV x2  
  40  4:13  SCV x2  
  42  4:17  Factory Tech Lab, Supply Depot  
  42  4:22  Raven  
  44  4:25  SCV x2  
  44  4:30  Command Center  
  46  4:37  Siege Tank  
  49  4:39  SCV x2  
  51  4:48  Supply Depot  
  51  4:49  Barracks  
  51  4:51  SCV x2  
  53  5:03  SCV x2  
  47  5:30  Barracks  
  47  5:31  SCV x2  
  47  5:33  Barracks  
  47  5:34  Barracks  
  49  5:37  Supply Depot, Refinery, Engineering Bay  
  49  5:38  Marine  
  49  5:39  Stimpack, Refinery, Engineering Bay  
  49  5:40  Starport Reactor  
  49  5:41  Marine x2  
  52  5:43  Siege Tank  
  52  5:46  Orbital Command  
  55  5:56  Marine  
  56  6:01  Marine x2  
  56  6:03  Orbital Command  
  58  6:07  Terran Infantry Armor Level 1, Terran Infantry Weapons Level 1  
  58  6:11  SCV x2  
  60  6:14  Marine  
  61  6:19  Marine x2  
  61  6:24  Marine  
  61  6:25  Marine  
  67  6:27  Barracks Reactor x2  
  67  6:28  Siege Tank  
  67  6:29  SCV  
  67  6:30  SCV x2  
  71  6:39  Supply Depot  
  71  6:41  Supply Depot  
  71  6:42  SCV x3  
  74  6:48  Marine x4  
  74  6:49  Marine  
  74  6:51  Medivac  
  74  6:52  Medivac  
  74  6:54  SCV x3  
  86  7:03  Supply Depot, Armory  
  86  7:06  Marine x3, SCV x2, Supply Depot  
  91  7:09  Missile Turret  
  91  7:10  Marine x3, Missile Turret  
  91  7:11  Missile Turret  
  91  7:12  SCV  
  94  7:18  SCV x2  
  96  7:22  Marine  
  96  7:23  Marine  
  96  7:24  Medivac x2  
  101  7:34  Marine x4  
  101  7:35  Marine x2  
  101  7:36  Siege Tank  
  106  7:37  SCV x2  
  106  7:40  Supply Depot  
  106  7:42  SCV  
  106  7:43  Supply Depot, Refinery x2  
  109  7:54  Command Center  
  109  7:55  Marine  
  109  7:56  Marine x4  
  113  8:06  SCV x3  
  113  8:07  Sensor Tower  
  116  8:14  Marine  
  116  8:15  Marine x4  
  121  8:24  Marine x3  
  121  8:25  Marine, Siege Tank  
  127  8:27  Medivac x2  
  127  8:32  Marine  
  127  8:33  SCV x3  
  135  8:37  Combat Shield  
  135  8:42  Factory  
  135  8:43  Marine x6  
  141  8:49  Marine x2, Supply Depot  
  141  8:50  Marine  
  141  8:53  Supply Depot  
  144  9:00  Viking x2  
  148  9:06  Supply Depot  
  148  9:07  Orbital Command  
  148  9:08  Supply Depot  
  132  9:24  Marine x6  
  132  9:25  Marine x3  
  141  9:37  SCV x2  
  141  9:38  SCV  
  138  9:42  Marine x9  
  142  9:46  Orbital Command  
  142  9:50  Factory Tech Lab  
  136  10:00  Marine x6  
  143  10:08  Barracks x2  
  143  10:09  Barracks  
Show
View Real Time Build Order
Export as new Build Order

Sheppard Terran 

Build Orders: Reaper Expand 

Get SALT Encoding   

  12  0:00  SCV  
  13  0:12  SCV  
  14  0:17  Supply Depot  
  14  0:25  SCV  
  15  0:38  Barracks, SCV  
  16  0:44  Refinery  
  16  0:50  SCV  
  17  1:02  SCV  
  19  1:28  Orbital Command, Reaper  
  19  1:44  Command Center  
  20  1:54  SCV  
  20  2:01  Barracks Reactor  
  19  2:13  SCV  
  19  2:15  Refinery  
  20  2:20  Supply Depot  
  20  2:25  Bunker  
  20  2:27  SCV  
  21  2:30  Factory  
  21  2:39  Marine, SCV  
  21  2:42  Marine  
  25  2:51  SCV  
  25  2:57  Marine  
  26  2:59  Marine  
  26  3:04  SCV  
  28  3:07  Orbital Command  
  28  3:15  Marine  
  28  3:16  SCV  
  28  3:17  Marine  
  31  3:21  Factory Tech Lab  
  30  3:28  SCV, Starport  
  30  3:34  Marine  
  32  3:35  SCV  
  32  3:40  Siege Tank, SCV  
  37  3:44  Marine  
  38  3:52  SCV, Supply Depot  
  39  3:56  Marine  
  39  3:57  SCV  
  41  4:03  Marine  
  41  4:04  SCV, Supply Depot  
  41  4:06  Starport Tech Lab  
  41  4:09  SCV  
  44  4:13  Siege Tank  
  44  4:16  SCV  
  48  4:19  Marine  
  48  4:21  Refinery  
  49  4:26  Raven  
  49  4:27  Marine  
  49  4:29  SCV  
  49  4:30  SCV  
  54  4:32  Supply Depot  
  54  4:39  Marine  
  54  4:41  SCV  
  56  4:49  Command Center  
  56  4:52  SCV  
  57  4:53  SCV  
  57  4:56  Marine  
  57  4:58  Marine  
  56  5:08  SCV  
  53  5:18  SCV  
  53  5:20  SCV  
  49  5:26  Supply Depot  
  49  5:30  SCV  
  49  5:32  SCV  
  49  5:33  Raven  
  49  5:34  Siege Tank  
  56  5:43  SCV  
  56  5:45  SCV  
  58  5:52  Marine  
  58  5:53  Marine  
  58  5:54  Supply Depot  
  58  5:55  SCV  
  61  5:57  SCV  
  62  6:04  Orbital Command  
  62  6:07  SCV  
  62  6:09  SCV  
  64  6:12  Siege Tank  
  68  6:19  SCV  
  68  6:21  SCV  
  69  6:29  Barracks, Stimpack, Medivac  
  69  6:30  Barracks  
  71  6:34  Viking  
  71  6:36  SCV  
  71  6:37  SCV  
  71  6:39  SCV  
  76  6:43  Marine  
  77  6:48  Siege Tank, SCV  
  81  6:55  Supply Depot  
  81  6:57  Engineering Bay  
  81  7:00  Engineering Bay  
  80  7:03  SCV  
  80  7:08  Refinery  
  81  7:17  Barracks Reactor  
  81  7:19  Medivac, Viking  
  81  7:20  SCV x2  
  81  7:22  Barracks Reactor  
  87  7:23  Supply Depot  
  87  7:24  Terran Infantry Weapons Level 1  
  85  7:32  SCV  
  87  7:37  SCV  
  87  7:41  Missile Turret  
  87  7:45  Command Center, Terran Infantry Armor Level 1  
  87  7:51  Armory  
  87  7:52  SCV  
  87  7:55  SCV, Supply Depot  
  87  7:56  Orbital Command  
  89  8:00  Marine x2  
  91  8:08  Combat Shield  
  91  8:11  SCV x2  
  93  8:13  Missile Turret  
  93  8:21  Factory  
  93  8:22  SCV  
  93  8:23  SCV x2  
  96  8:33  Sensor Tower, Refinery  
  96  8:34  SCV  
  96  8:35  SCV  
  96  8:41  Barracks  
  98  8:42  Missile Turret  
  98  8:43  Barracks  
  98  8:44  SCV  
  98  8:46  SCV  
  100  8:49  SCV  
  100  8:53  Marine x3  
  100  8:54  Marine x2  
  106  8:56  SCV  
  106  8:58  SCV  
  106  9:01  SCV x2  
  110  9:03  Siege Tank  
  110  9:05  Factory Reactor  
  110  9:07  Viking  
  110  9:08  Medivac  
  110  9:09  SCV  
  118  9:15  SCV  
  119  9:23  Marine x2  
  119  9:24  Marine x3  
  94  9:26  SCV  
  94  9:29  Barracks Reactor x2  
  76  9:41  Marine x5, Viking  
  76  9:45  SCV x2  
  80  9:47  SCV  
  72  9:59  Marine x4  
  75  10:00  SCV x2  
  75  10:02  SCV  
Tags
 
Add a new tag
Caveats
  • Supply blocks, unpowered buildings, or Contaminate may cause inaccurate times.
  • Supply counts are checked every 10 seconds.